 Dungeon Crawl Stone Soup version 0.30-a0-743-gbfdf073431 (webtiles) character file.

Game seed: 13128111339915900496

2006775 Flugkiller the Ninja (level 25, 182/189 HPs)
             Began as an Octopode Delver on Feb 5, 2023.
             Was the Champion of Trog.
             Escaped with the Orb
             ... and 3 runes on Feb 6, 2023!
             The game lasted 01:33:16 (46587 turns).

Flugkiller the Ninja (Octopode Delver)             Turns: 46587, Time: 01:33:17

Health: 182/189    AC:  3    Str: 15 (16) XL:     25   Next: 93%
Magic:  20/20      EV: 56    Int: 12      God:    Trog [******]
Gold:   2388       SH: 22    Dex: 21      Spells: 24/24 levels left

rFire   + + +      SeeInvis .    D - +9 demon blade (heavy)
rCold   + . .      Faith    .    j - +5 kite shield {rF+}
rNeg    + + +      Spirit   .    Y - +2 hood of the Assassin {Detect Stab+ Stlth++}
rPois   +          Reflect  .    N - amulet of regeneration
rElec   .          Harm     .    X - ring of Ekhiza {Drain rN+ rCorr EV+5}
rCorr   +          Rampage  .    W - ring of Equeckoi {rF+ rN++ EV+5 Dex-4}
Will    +....                    p - ring of protection from cold
Stlth   +++++                    V - +5 ring of evasion
HPRegen 1.31/turn                k - +6 ring of dexterity
MPRegen 0.17/turn                o - ring of poison resistance
                                 v - +5 ring of evasion
                                 J - +5 ring of evasion

@: no status effects
A: almost no armour, amphibious, 8 rings, camouflage 1, gelatinous body 1,
(nimble swimmer 1), tentacles, tentacle spike 1, clumsy 1, deterioration 1, fire
resistance 1, low MP 1, screaming 1
0: Orb of Zot
}: 3/15 runes: decaying, serpentine, abyssal
a: Renounce Religion, Berserk, Trog's Hand, Brothers in Arms


You escaped.
You worshipped Trog.
Trog was exalted by your worship.
You visited 8 branches of the dungeon, and saw 43 of its levels.
You visited the Abyss 1 time.
You also visited: Ice Cave, Volcano and Desolation.

You collected 5630 gold pieces.
You spent 3242 gold pieces at shops.

Inventory:

Hand Weapons
 D - a +9 heavy demon blade (weapon)
   (Trog gifted it to you on level 15 of the Dungeon)
Missiles
 x - 6 curare-tipped darts
 E - 5 throwing nets (quivered)
Armour
 j - a +5 kite shield of fire resistance (worn)
   (You took it off a naga warrior on level 4 of the Snake Pit)
 Y - the +2 hood of the Assassin (worn) {Detect Stab+ Stlth++}
   (You acquired it on level 3 of the Snake Pit)

   Detect:    It allows the wearer to sense nearby creatures.
   Stab+:     It allows the wearer to make particularly effective stabbing
   attacks against helpless or unaware enemies with any weapon.
   Stlth:     It makes you much more stealthy.
Jewellery
 i - a +4 ring of protection
   (You bought it in a shop on level 4 of the Vaults)
 k - a +6 ring of dexterity (on tentacle)
   (You bought it in a shop on level 8 of the Dungeon)
 m - a ring of willpower
   (You bought it in a shop on level 8 of the Dungeon)
 o - a ring of poison resistance (on tentacle)
   (You found it on level 11 of the Dungeon)
 p - a ring of protection from cold (on tentacle)
   (You found it on level 8 of the Dungeon)
 v - a +5 ring of evasion (on tentacle)
   (You bought it in a shop on level 8 of the Dungeon)
 G - a ring of flight
   (You took it off a draconian monk on level 5 of the Realm of Zot)
 J - a +5 ring of evasion (on tentacle)
   (You found it on level 5 of the Lair of Beasts)
 N - an amulet of regeneration (around mantle)
   (You found it on level 9 of the Dungeon)
 V - a +5 ring of evasion (on tentacle)
   (You found it on level 15 of the Dungeon)
 W - the ring of Equeckoi (right tentacle) {rF+ rN++ EV+5 Dex-4}
   (You took it off a centaur warrior on level 12 of the Dungeon)

   [ring of evasion]

   EV:        It affects your evasion (+5).
   Dex:       It affects your dexterity (-4).
   rF:        It protects you from fire.
   rN:        It greatly protects you from negative energy.
 X - the ring of Ekhiza (left tentacle) {Drain rN+ rCorr EV+5}
   (You found it on level 3 of the Depths)

   [ring of evasion]

   EV:        It affects your evasion (+5).
   rN:        It protects you from negative energy.
   rCorr:     It protects you from acid and corrosion.
   Drain:     It drains your maximum health when unequipped.
Wands
 s - a wand of acid (11)
   (You found it on level 14 of the Dungeon)
 B - a wand of charming (82)
   (You took it off Pikel on level 7 of the Dungeon)
 Q - a wand of iceblast (38)
   (You found it on level 8 of the Dungeon)
 U - a wand of mindburst (11)
   (You found it on level 4 of the Swamp)
Scrolls
 a - 2 scrolls of magic mapping
 b - 4 scrolls of fog
 c - 8 scrolls of vulnerability
 t - 10 scrolls of teleportation
 u - 6 scrolls of fear
 y - 12 scrolls of poison
 O - 11 scrolls of immolation
 S - 2 scrolls of silence
 T - 2 scrolls of butterflies
Potions
 d - 3 potions of might
 h - 7 potions of haste
 l - 4 potions of attraction
 n - 4 potions of resistance
 q - 17 potions of curing
 r - a potion of magic
 w - 3 potions of heal wounds
 A - 2 potions of berserk rage
 C - 4 potions of invisibility
 F - 9 potions of mutation
 K - 4 potions of flight
 M - 2 potions of ambrosia
 P - 2 potions of cancellation
Miscellaneous
 e - a tin of tremorstones (2/2)
   (You found it on level 4 of the Snake Pit)
 g - a box of beasts
   (You found it on level 3 of the Vaults)
 H - a condenser vane
   (You found it on level 5 of the Lair of Beasts)
 I - a phantom mirror
   (You found it on level 5 of the Lair of Beasts)


   Skills:
 - Level 20.0 Fighting
 - Level 5.0(11.3) Short Blades
 - Level 15.6(16.0) Long Blades
 + Level 22.8 Dodging
 O Level 27 Stealth
 - Level 20.0 Shields
 - Level 20.0 Evocations


You had 24 spell levels left.
You didn't know any spells.
Your spell library contained the following spells:

 Spells                   Type           Power      Damage    Failure   Level
 Sandblast                Erth           0%         2d4       41%         1
 Passwall                 Tmut/Erth      0%         N/A       56%         2
 Stone Arrow              Conj/Erth      0%         3d7       80%         3


Dungeon Overview and Level Annotations

Branches:
Dungeon (15/15)            Temple (0/1) D:4            Lair (5/5) D:9
  Swamp (4/4) Lair:3        Snake (4/4) Lair:2        Slime (0/5) Lair:5
    Orc (2/2) D:9             Elf (0/3) Orc:2        Vaults (4/5) D:14
  Crypt (0/3) Vaults:3     Depths (4/4) D:15            Zot (5/5) Depths:4
  IceCv (visited)         Volcano (visited)         Desolation (visited)

Altars:
Ashenzari
Elyvilon
Gozag
Hepliaklqana
Makhleb
Qazlal
Trog
Vehumet
Wu Jian
Zin
The Shining One

Shops:
D:1 [   D:7 !   D:8 *=*   Orc:2 [[*(   Snake:2 !(?   Snake:3 ?[   Vaults:1 [
Vaults:4 *   Depths:1 [*=?   Depths:2 ==:   Depths:3 (

Portals:
Hell: Depths:1 Depths:2 Depths:3 Depths:4
Abyss: Depths:2 Depths:3
Pandemonium: Depths:2
Ziggurat: Depths:2
Bazaar: Vaults:3

Annotations:
D:4 2 runed translucent doors, epen's ghost, amateur GnWn
D:14 Roxanne
Swamp:1 3 runed translucent doors, Foxy's ghost, adept GrFi; Vudadgh's ghost, adept HuWr; Ychix's ghost, journeyman GnSk; archydragon's ghost, journeyman MiGl
Snake:1 1 runed translucent door
Depths:3 3 runed translucent doors


Innate Abilities, Weirdness & Mutations

You cannot wear most types of armour.
You are amphibious.
You can wear up to eight rings at the same time.
Your skin changes colour to match your surroundings (Stealth+).
Your rubbery body absorbs attacks. (AC +1, EV +1)
((You are camouflaged when in or above water. (Stealth+)))
You have tentacles for arms and can constrict up to eight enemies at once.
One of your tentacles bears a spike.
You are clumsy. (Dex -2)
Your body sometimes deteriorates upon taking damage.
Your flesh is heat resistant. (rF+)
Your magical capacity is low. (-10% MP)
You occasionally shout uncontrollably at your foes.


Message History

Your tentacle spike misses the Orb Guardian.
The Orb Guardian is severely wounded.
The Orb Guardian completely misses you.
You closely miss the Orb Guardian.
You pierce the Orb Guardian, but do no damage.
Your squeeze misses the Orb Guardian.
The Orb Guardian is severely wounded.
You feel yourself slow down. The Orb Guardian closely misses you.
You block the Orb Guardian's attack. The Orb Guardian hits you!!
Your body deteriorates!
You feel weakened.
You hit the Orb Guardian.
Your tentacle spike misses the Orb Guardian.
Your squeeze misses the Orb Guardian.
The Orb Guardian is severely wounded.
You block the Orb Guardian's attack. x2
You slash the Orb Guardian!
You pierce the Orb Guardian.
Your squeeze misses the Orb Guardian.
The Orb Guardian is almost dead.
You block the Orb Guardian's attack.
You slice the Orb Guardian!!
You kill the Orb Guardian!
Trog accepts your kill.
(D) Dungeon (T) Temple (L) Lair (S) Swamp (P) Snake Pit (M) Slime Pits (O) Orcish Mines (E) Elven Halls (V) Vaults (C) Crypt (U) Depths (H) Hell (Z) Zot
Where to? (Enter - D:1 @ (x,y), ? - help)
There is a stone staircase leading up here.
You climb upwards.
There is a stone staircase leading down, spattered with blood here.
There is a stone staircase leading up here.
You climb upwards.
There is a stone staircase leading down here.
HP restored.
There is a stone staircase leading up here.
You climb upwards.
There is a stone staircase leading down here.
Things that are here:
a +0 ring mail; a +0 club A shadow demon comes into view.
You block the shadow demon's attack.
You open the shadow demon like a pillowcase!!!
You kill the shadow demon!
Trog accepts your kill.
No target in view!
(D) Dungeon (T) Temple (L) Lair (S) Swamp (P) Snake Pit (M) Slime Pits (O) Orcish Mines (E) Elven Halls (V) Vaults (C) Crypt (U) Depths (H) Hell (Z) Zot
Where to? (Enter - D:1 @ (x,y), ? - help)
There is a stone staircase leading up here.
You climb upwards.
There is a stone staircase leading down here.
There is a stone staircase leading up here.
You climb upwards.
Level annotation: 2 runed translucent doors, epen's ghost, amateur GnWn
There is a stone staircase leading down here.
An angel comes into view. It is wielding a +2 whip of holy wrath.
There is a stone staircase leading up here.
You climb upwards.
There is a stone staircase leading down here.
(D) Dungeon (T) Temple (L) Lair (S) Swamp (P) Snake Pit (M) Slime Pits (O) Orcish Mines (E) Elven Halls (V) Vaults (C) Crypt (U) Depths (H) Hell (Z) Zot
Where to? (Enter - D:1 @ (x,y), ? - help)
A Vaushuv, a smoke demon, a lich and a large abomination come into view.
Press: ? - help, v - describe, . - travel
Here: Vaushuv, armed with a chaotic touch The floor.
Unknown command.
Blink to where?
Press: ? - help, Dir - move target
As you read the scroll of blinking, it crumbles to dust.
Vaushuv gestures at you.
Vaushuv conjures a mighty blast of ice!
The great icy blast engulfs the large abomination!!!!
The large abomination is destroyed!
The great icy blast engulfs the smoke demon!!!
The smoke demon dies!
The great icy blast engulfs you!!! You partially resist.
You are encased in ice.
You climb upwards.
There is a stone staircase leading down here.
Unknown command.
(D) Dungeon (T) Temple (L) Lair (S) Swamp (P) Snake Pit (M) Slime Pits (O) Orcish Mines (E) Elven Halls (V) Vaults (C) Crypt (U) Depths (H) Hell (Z) Zot
Where to? (Enter - D:1 @ (x,y), ? - help)
The ice encasing you melts away.
There is a stone staircase leading up here.
You climb upwards.
There is a stone staircase leading down here.
There is a staircase leading out of the dungeon here.
Unknown command.
Enter note: gg You have escaped!

##### #≈≈≈♣♣♣
#♣≈≈≈≈♣♣ # ♣♣≈≈≈≈♣
##♣♣♣~≈≈♣♣♣♣♣♣♣♣♣♣
.....≈≈≈≈..♣..♣.@♣
......~≈~........♣
....♣.~≈≈........♣
......~≈≈≈..♣....♣
......≈≈≈~.......♣
......~≈≈~♣.♣...♣♣
.......≈≈≈.....♣♣
....♣♣.~≈~..♣.♣.♣♣
...♣.♣.~≈~~♣...♣>♣


There were no monsters in sight!

Vanquished Creatures
  2 dread liches
  An ancient lich (Zot:1)
  4 orbs of fire
  Bai Suzhen (Vaults:2)
  5 Killer Klowns
  A caustic shrike (Depths:3)
  Xtahua (Vaults:2)
  7 golden dragons
  3 curse toes
  3 bone dragons
  An electric golem (Zot:5)
  25 Orb Guardians
  Mlioglotl (Lair:3)
  3 titans
  Asterion (Snake:2)
  11 tentacled monstrosities
  4 liches
  4 quicksilver dragons
  A walking divine tome (Depths:3)
  A walking frostbound tome (Depths:2)
  A tentacled starspawn (Abyss:3)
  7 sphinxes
  5 shadow dragons
  6 death cobs
  2 thorn hunters
  6 draconian monks
  2 tengu reavers
  11 storm dragons
  Donald (Snake:2)
  A fenstrider witch (Swamp:2)
  4 draconian knights
  7 fire giants
  4 nagarajas
  7 draconian scorchers
  4 iron dragons
  Aizul (Snake:3)
  9 frost giants
  11 draconian shifters
  Louise (Swamp:3)
  12 vault wardens
  17 ironbound preservers
  A spriggan defender (Depths:2)
  2 draconian stormcallers (Zot:5)
  An orc warlord (Vaults:1)
  2 angels (Vaults:2)
  13 very ugly things
  A cacodemon (Depths:2)
  2 draconian annihilators (Zot:5)
  10 stone giants
  8 ironbound thunderhulks
  A vampire knight (Depths:2)
  A war gargoyle (Vaults:4)
  3 green draconians
  9 eleionomae
  13 black draconians
  5 spark wasps
  17 yellow draconians
  3 bunyips
  11 purple draconians
  5 dire elephants (Vaults:4)
  7 red draconians
  11 white draconians
  2 halazid warlocks (Desolation)
  2 crystal guardians (Desolation)
  13 ettins
  A shambling mangrove (Swamp:4)
  Josephine (Swamp:1)
  10 ragged hierophants (Desolation)
  14 fire dragons
  3 rakshasas (Depths:1)
  An entropy weaver (Vaults:1)
  10 great orbs of eyes
  14 yaktaur captains
  5 vault guards
  2 peacekeepers (Desolation)
  8 ice dragons
  2 caustic shrike simulacra (IceCv)
  10 servants of whispers (Desolation)
  17 hydras
  2 spriggan air magi
  20 centaur warriors
  2 salamander tyrants (Snake:3)
  Erica (Lair:1)
  9 ironbound frosthearts
  A merfolk avatar (Lair:5)
  14 anacondas
  3 catoblepae
  11 deep troll shamans
  2 boulder beetles
  An alligator (shapeshifter) (Depths:1)
  8 alligators
  3 two-headed ogres
  6 tengu warriors
  14 naga warriors
  2 vampire magi
  4 death yaks
  8 deep troll earth magi
  15 naga sharpshooters
  A hell hog (Volcano)
  5 orc high priests (Orc:2)
  13 shock serpents
  7 spriggan berserkers
  2 soul eaters
  5 hell knights
  A salamander mystic (Snake:3)
  12 spriggans
  2 sun demons
  2 wretched stars (Abyss:3)
  7 iron trolls
  An anaconda zombie (Abyss:3)
  A sixfirhy (Abyss:3)
  5 goliath frogs
  7 spriggan druids
  7 sea snakes
  68 deep trolls
  5 naga ritualists
  12 swamp dragons
  9 bog bodies
  2 flayed ghosts (Depths:2)
  3 glowing orange brains
  A shadow demon (D:6)
  An obsidian statue (IceCv)
  2 spriggan simulacra (IceCv)
  21 ironbound convokers
  5 lindwurms (Vaults:1)
  3 harpies
  5 necromancers
  7 orc knights
  Pikel (D:7)
  2 deep elf zephyrmancers
  7 wizards
  2 deep elf pyromancers (D:15)
  6 mana vipers
  An orc sorcerer (Orc:2)
  26 ugly things
  6 manticores
  A wolf spider (shapeshifter) (Vaults:4)
  3 cyclopes
  A cyclops (shapeshifter) (Depths:3)
  7 will-o-the-wisps
  8 salamanders
  22 moths of wrath
  19 elephants
  A smoke demon (Abyss:3)
  A torpor snail (Lair:4)
  17 guardian serpents
  28 black mambas
  9 cane toads
  12 vault sentinels
  13 naga magi
  Maggie (D:8)
  3 gargoyles
  A hellion (Depths:1)
  2 unseen horrors (Depths:2)
  17 freezing wraiths (IceCv)
  22 yaktaurs
  8 rime drakes
  4 ice devils
  2 anaconda simulacra (IceCv)
  3 tengu conjurers
  A golden dragon simulacrum (IceCv)
  6 komodo dragons
  A tormentor (Abyss:3)
  A polar bear (Lair:5)
  7 tyrant leeches
  61 saltlings (Desolation)
  5 trolls
  A bloated husk (Swamp:3)
  15 hornets
  A wolf spider simulacrum (D:15)
  A hellwing (D:13)
  Sigmund (D:6)
  A jumping spider (shapeshifter) (D:15)
  17 blink frogs
  A shadow (D:11)
  A ynoxinul (Zot:5)
  31 slime creatures
  10 wraiths
  8 dire elephant simulacra (IceCv)
  2 vampires
  10 water elementals (Depths:4)
  5 wyverns
  6 fire bats
  32 yaks
  3 steam dragons
  5 basilisks
  17 starcursed masses (Abyss:3)
  3 redbacks (Vaults:1)
  2 chaos spawn (Depths:2)
  3 vampire mosquitoes (Swamp:2)
  5 neqoxecs (Abyss:3)
  A minotaur simulacrum (IceCv)
  A warg (Orc:1)
  8 large abominations (Depths:2)
  3 harpy simulacra (IceCv)
  40 nagas
  2 acid dragons
  18 swamp worms
  A hell hound (Volcano)
  10 water moccasins
  10 swamp drakes
  38 orc warriors
  An alligator simulacrum (IceCv)
  4 black bears
  An ettin simulacrum (IceCv)
  An ogre (Orc:2)
  12 wolves
  25 centaurs
  A lemure (D:7)
  Blork the orc (D:4)
  16 bullfrogs
  A kobold brigand (D:9)
  2 gnoll sergeants (D:9)
  A deep troll simulacrum (IceCv)
  3 necrophages
  5 scorpions
  5 small abominations
  13 wights
  4 lindwurm simulacra (IceCv)
  12 killer bees
  6 howler monkeys
  2 electric eels
  A jelly (D:5)
  3 gnoll boudas
  30 orc priests
  6 hounds
  Jessica (D:3)
  2 iguanas
  20 orc wizards
  A hound skeleton (D:2)
  22 gnolls
  15 adders
  2 shadow imps (D:7)
  2 ufetubi
  3 dart slugs
  79 orcs
  A bat skeleton (D:2)
  7 endoplasms
  2 giant cockroaches
  2 goblins (D:3)
  9 hobgoblins
  2 jackals (D:5)
  3 quokkas
  3 ball pythons
  A ball python skeleton (D:2)
  5 frilled lizards
  10 kobolds
  A quokka zombie (D:2)
  4 rats
  A starspawn tentacle (Abyss:3)
1793 creatures vanquished.

Vanquished Creatures (collateral kills)
  A red draconian (Zot:4)
  An anaconda (Snake:4)
  A naga warrior (Snake:4)
  A wyvern (D:8)
  2 nagas (Snake:4)
6 creatures vanquished.

Vanquished Creatures (others)
  A lich (Zot:1)
  A fire giant (Depths:4)
  A draconian annihilator (Zot:3)
  A wizard (Vaults:4)
  A smoke demon (D:3)
  A tengu conjurer (D:15)
  2 bloated husks
  A large abomination (D:3)
  A tyrant leech (Swamp:1)
  A spriggan (Swamp:2)
  A bush (Lair:5)
  27 foxfires
  33 fungi
  72 plants
  2 starspawn tentacles (Abyss:3)
  2 withered plants (Swamp:1)
148 creatures vanquished.

Grand Total: 1947 creatures vanquished

Notes
Turn   | Place    | Note
-------+----------+-------------------------------------------
     0 | D:5      | Flugkiller the Octopode Delver began the quest for the Orb.
     0 | D:5      | Reached XP level 1. HP: 16/16 MP: 1/1
    23 | D:5      | Noticed a scorpion
    34 | D:5      | Killed a scorpion
    35 | D:5      | Reached XP level 2. HP: 21/21 MP: 2/2
    35 | D:5      | Reached XP level 3. HP: 26/26 MP: 3/3
    35 | D:5      | Noticed a necrophage
    43 | D:5      | Reached XP level 4. HP: 31/31 MP: 4/4
    52 | D:5      | Noticed a necrophage
   420 | D:2      | Reached XP level 5. HP: 37/37 MP: 5/5
   645 | D:1      | Found Julitene's Antique Armour Emporium.
   708 | D:1      | Found a faded altar of an unknown god.
   816 | D:1      | Prayed at the altar of an unknown god.
   816 | D:1      | Became a worshipper of Trog the Wrathful
   816 | D:1      | Reached * piety under Trog
  1549 | D:3      | Found a broken altar of Ashenzari.
  1665 | D:3      | Noticed Jessica
  1669 | D:3      | Killed Jessica
  1670 | D:3      | Reached skill level 1 in Shields
  1928 | D:3      | Reached skill level 5 in Dodging
  1928 | D:3      | Reached XP level 6. HP: 30/43 MP: 6/6
  2249 | D:4      | Found a runed translucent door.
  2280 | D:4      | Found a runed translucent door.
  2281 | D:4      | Noticed epen's ghost (amateur GnWn)
  2494 | D:4      | Found a staircase to the Ecumenical Temple.
  2954 | D:4      | Noticed Blork the orc
  2964 | D:4      | Killed Blork the orc
  2965 | D:4      | Reached XP level 7. HP: 48/48 MP: 7/7
  3424 | D:5      | Found an ornate altar of the Wu Jian Council.
  3719 | D:5      | Reached skill level 5 in Fighting
  4001 | D:5      | Reached XP level 8. HP: 44/57 MP: 8/8
  4246 | D:5      | Gained mutation: Your muscles are strong. (Str +4, Int/Dex
                  | -1) [potion of mutation]
  4246 | D:5      | Gained mutation: You have supernaturally acute eyesight.
                  | (SInv) [potion of mutation]
  4246 | D:5      | Gained mutation: Your magical capacity is low. (-10% MP)
                  | [potion of mutation]
  4967 | D:6      | Noticed Sigmund
  4976 | D:6      | Killed Sigmund
  5303 | D:7      | Found Pemofas's Distillery.
  5324 | D:7      | Reached XP level 9. HP: 45/65 MP: 8/8
  5707 | D:7      | Reached skill level 5 in Shields
  5727 | D:7      | Reached ** piety under Trog
  6555 | D:8      | Noticed Pikel
  6689 | D:7      | Killed Pikel
  6690 | D:7      | Reached skill level 5 in Short Blades
  6844 | D:8      | Noticed Maggie
  6861 | D:8      | Reached skill level 1 in Evocations
  6861 | D:8      | Reached XP level 10. HP: 43/72 MP: 9/9
  6865 | D:8      | Killed Maggie
  7007 | D:8      | Found Dimef's Jewellery Shop.
  7445 | D:8      | Found Gukh's Lightly-Used Armoury.
  7547 | D:8      | Found Iffesch's Assorted Antiques.
  7556 | D:8      | Bought a scratched bronze ring for 170 gold pieces
  7557 | D:8      | Bought an emerald potion for 30 gold pieces
  7640 | D:8      | Reached skill level 1 in Long Blades
  7933 | D:8      | Bought a +6 ring of dexterity for 468 gold pieces
  8089 | D:9      | Noticed a two-headed ogre
  8390 | D:8      | Reached skill level 5 in Evocations
  8441 | D:9      | Reached skill level 10 in Dodging
  9111 | D:9      | Found a staircase to the Lair.
  9198 | D:9      | Killed a two-headed ogre
  9199 | D:9      | Reached XP level 11. HP: 77/77 MP: 9/9
  9200 | D:9      | Found a radiant altar of Vehumet.
  9419 | D:9      | Reached skill level 5 in Long Blades
  9552 | D:9      | Reached *** piety under Trog
  9576 | D:9      | Found a staircase to the Orcish Mines.
  9765 | D:10     | Entered Level 10 of the Dungeon
  9867 | D:10     | Found an opulent altar of Gozag.
 10674 | D:11     | Noticed a cyclops
 10684 | D:11     | Killed a cyclops
 11361 | Lair:1   | Entered Level 1 of the Lair of Beasts
 11517 | Lair:1   | Noticed a catoblepas
 11537 | Lair:1   | Killed a catoblepas
 11569 | Lair:1   | Noticed Erica
 11595 | Lair:1   | Killed Erica
 11867 | Lair:1   | Reached XP level 12. HP: 66/84 MP: 10/10
 11994 | D:8      | Bought a +5 ring of evasion for 468 gold pieces
 12056 | Lair:1   | Noticed a boulder beetle
 12092 | Lair:1   | Killed a boulder beetle
 12795 | Lair:2   | Reached **** piety under Trog
 12798 | Lair:2   | Reached skill level 10 in Fighting
 12847 | Lair:2   | Found a dark tunnel.
 12856 | Lair:2   | Reached skill level 10 in Long Blades
 12863 | Volcano  | Entered a volcano
 12876 | Volcano  | Noticed a two-headed ogre
 12881 | Volcano  | Noticed a hell hog
 12881 | Volcano  | Noticed a two-headed ogre
 12891 | Volcano  | Killed a hell hog
 12900 | Volcano  | HP: 6/130 [two-headed ogre/+1 great mace of flaming (21)]
 12902 | Volcano  | Killed a two-headed ogre
 12955 | Volcano  | Killed a two-headed ogre
 13515 | Lair:2   | Noticed a boulder beetle
 13540 | Lair:2   | Found a staircase to the Snake Pit.
 13550 | Lair:2   | Reached XP level 13. HP: 63/92 MP: 11/11
 14114 | Lair:3   | Found a staircase to the Swamp.
 15760 | Lair:5   | Entered Level 5 of the Lair of Beasts
 16025 | Lair:5   | Found a staircase to the Slime Pits.
 16529 | Lair:5   | Reached ***** piety under Trog
 16556 | Lair:5   | Reached XP level 14. HP: 82/101 MP: 12/12
 17214 | Lair:5   | Received a gift from Trog
 17822 | D:12     | Identified the ring of Equeckoi {rF+ rN++ EV+5 Dex-4}
 18250 | D:13     | Identified the +5 great sword of the Ten Wonders {vamp,
                  | rN+}
 18635 | D:14     | Reached skill level 10 in Evocations
 18687 | D:14     | Found a gate to the Vaults.
 18715 | D:14     | Noticed Roxanne
 19225 | D:14     | Reached XP level 15. HP: 109/109 MP: 13/13
 19480 | D:15     | Entered Level 15 of the Dungeon
 19701 | D:15     | Received a gift from Trog
 20060 | D:15     | Found a staircase to the Depths.
 20531 | Orc:1    | Entered Level 1 of the Orcish Mines
 20870 | Orc:2    | Entered Level 2 of the Orcish Mines
 20926 | Orc:2    | Found a staircase to the Elven Halls.
 20951 | Orc:2    | Found a burning altar of Makhleb.
 21286 | Orc:2    | Received a gift from Trog
 21304 | Orc:2    | Reached ****** piety under Trog
 21726 | Orc:2    | Found Ysix's General Store.
 21727 | Orc:2    | Found Jacenel's Antique Armour Shop.
 21727 | Orc:2    | Found Jyrenos's Antique Armour Boutique.
 21728 | Orc:2    | Found Gaoshrol's Antique Weapon Boutique.
 21738 | Orc:2    | Bought a scroll of enchant armour for 135 gold pieces
 21910 | Snake:1  | Entered Level 1 of the Snake Pit
 21929 | Snake:1  | Reached skill level 15 in Long Blades
 22239 | Snake:1  | Found a runed translucent door.
 23107 | Snake:2  | Noticed a nagaraja
 23166 | Snake:2  | Killed a nagaraja
 23167 | Snake:2  | Reached XP level 16. HP: 94/119 MP: 14/14
 23333 | Snake:2  | Reached skill level 15 in Dodging
 23335 | Snake:2  | Received a gift from Trog
 23388 | Snake:2  | Noticed Asterion
 23412 | Snake:2  | Killed Asterion
 23538 | Snake:2  | Found Noiruy Tuupu's Magic Scroll Shop.
 23547 | Snake:2  | Bought a scroll of acquirement for 572 gold pieces
 23547 | Snake:2  | Bought a scroll of blinking for 82 gold pieces
 23547 | Snake:2  | Bought a scroll of blinking for 82 gold pieces
 23547 | Snake:2  | Acquired a manual of Shields
 23554 | Snake:2  | Found Ikusubb's Weapon Emporium.
 23554 | Snake:2  | Found Xeanwoh's Distillery.
 23601 | Snake:2  | Noticed Donald
 23618 | Snake:2  | Killed Donald
 23762 | Snake:2  | Reached XP level 17. HP: 126/126 MP: 15/15
 23827 | Snake:3  | Found a frozen archway.
 23837 | IceCv    | Entered an ice cave
 24034 | IceCv    | Reached skill level 15 in Fighting
 24202 | IceCv    | Found an ancient bone altar of Kikubaaqudgha.
 24747 | IceCv    | Identified the +11 rapier of Callousness {flame, Fly rElec
                  | rF+ SInv} (Trog gifted it to you in an ice cave)
 24747 | IceCv    | Received a gift from Trog
 24845 | IceCv    | Noticed a lich
 24851 | IceCv    | Killed a lich
 25056 | Snake:3  | Found Zompetitu's Armour Shoppe.
 25056 | Snake:3  | Found Wifijaz's Magic Scroll Emporium.
 25228 | Snake:3  | Reached skill level 15 in Shields
 25785 | Snake:3  | Noticed Aizul
 25898 | Snake:3  | Killed Aizul
 25979 | Snake:3  | Reached XP level 18. HP: 134/134 MP: 16/16
 25986 | Snake:3  | Identified the +7 falchion "Zaatom" {flame, *Rage Will+++
                  | Str-5 Dex+4} (Trog gifted it to you on level 3 of the Snake
                  | Pit)
 25986 | Snake:3  | Received a gift from Trog
 26424 | Snake:4  | Entered Level 4 of the Snake Pit
 27279 | Snake:4  | Received a gift from Trog
 27513 | Snake:4  | Got a serpentine rune of Zot
 27858 | Swamp:1  | Entered Level 1 of the Swamp
 27858 | Swamp:1  | Noticed Josephine
 27864 | Swamp:1  | Killed Josephine
 27867 | Swamp:1  | Noticed Mlioglotl
 27982 | Lair:3   | Killed Mlioglotl
 28449 | Swamp:1  | Noticed Ychix's ghost (journeyman GnSk)
 28449 | Swamp:1  | Noticed Vudadgh's ghost (adept HuWr)
 28450 | Swamp:1  | Found a runed translucent gate.
 28451 | Swamp:1  | Found a runed translucent gate.
 28463 | Swamp:1  | Received a gift from Trog
 28505 | Swamp:1  | Found a runed translucent gate.
 28506 | Swamp:1  | Noticed archydragon's ghost (journeyman MiGl)
 28508 | Swamp:1  | Noticed Foxy's ghost (adept GrFi)
 29078 | Swamp:2  | Reached XP level 19. HP: 143/143 MP: 17/17
 29085 | Swamp:2  | Found a stormy altar of Qazlal.
 29161 | Swamp:2  | Noticed a tentacled monstrosity
 29169 | Swamp:2  | Killed a tentacled monstrosity
 29701 | Swamp:3  | Noticed Louise
 29713 | Swamp:3  | Killed Louise
 29967 | Swamp:4  | Entered Level 4 of the Swamp
 30238 | Swamp:4  | Received a gift from Trog
 30378 | Swamp:4  | Got a decaying rune of Zot
 30977 | Vaults:1 | Entered Level 1 of the Vaults
 31340 | Snake:3  | Bought a scroll of acquirement for 1040 gold pieces
 31340 | Snake:3  | Acquired the +2 hood of the Assassin {Detect Stab+ Stlth++}
 31340 | Snake:3  | Found the +2 hood of the Assassin {Detect Stab+ Stlth++}
 31894 | Vaults:1 | Received a gift from Trog
 31985 | Vaults:1 | Reached XP level 20. HP: 152/153 MP: 18/18
 32593 | Vaults:1 | Found Aweoklin's Antique Armour Emporium.
 32804 | Vaults:2 | Received a gift from Trog
 32862 | Vaults:2 | Found a glowing silver altar of Zin.
 32862 | Vaults:2 | Found a crumbling gateway.
 32862 | Vaults:2 | Found a white marble altar of Elyvilon.
 32891 | Vaults:2 | Found a glowing golden altar of the Shining One.
 32909 | Vaults:2 | Noticed Bai Suzhen
 32974 | Desolati | Entered the Desolation of Salt
 33313 | Desolati | Identified the +3 plate armour of Zamy {Contam Int+4}
 33352 | Desolati | Identified the +8 flail of Winter {vamp, rCorr Str-3 SInv}
 33538 | Desolati | Received a gift from Trog
 33965 | Vaults:2 | Killed Bai Suzhen
 34108 | Vaults:2 | Noticed Xtahua
 34126 | Vaults:2 | Killed Xtahua
 34127 | Vaults:2 | Reached XP level 21. HP: 159/159 MP: 18/18
 34355 | Vaults:2 | Received a gift from Trog
 34991 | Vaults:3 | Reached skill level 7 in Stealth
 35252 | Vaults:3 | Reached skill level 8 in Stealth
 35299 | Vaults:3 | Received a gift from Trog
 35310 | Vaults:3 | Reached skill level 9 in Stealth
 35380 | Vaults:3 | Noticed a bone dragon
 35382 | Vaults:3 | Found a staircase to the Crypt.
 35385 | Vaults:3 | Killed a bone dragon
 35508 | Vaults:3 | Reached skill level 10 in Stealth
 35745 | Vaults:3 | Paralysed by a great orb of eyes for 3 turns
 35885 | Vaults:3 | Reached skill level 11 in Stealth
 36009 | Vaults:3 | Identified the +8 halberd "Ahomim" {freeze, rPois rC++
                  | rCorr Int-2}
 36186 | Vaults:3 | Acquired a manual of Evocations
 36364 | Vaults:3 | Found a gateway to a bazaar.
 36405 | Vaults:4 | Reached skill level 12 in Stealth
 36498 | Vaults:4 | Reached skill level 13 in Stealth
 36539 | Vaults:4 | Received a gift from Trog
 36590 | Vaults:4 | Reached skill level 14 in Stealth
 36711 | Vaults:4 | Found Guloifo Yshe's Assorted Antiques.
 36726 | Vaults:4 | Bought a copper ring for 195 gold pieces
 36780 | Vaults:4 | Reached skill level 15 in Stealth
 36932 | Vaults:4 | Identified the +0 whip "Ucokhuso" {flame, rElec}
 36951 | Vaults:4 | Identified the +6 rapier "Urreup" {heavy, rC+ Will- Stlth+}
 37065 | Vaults:4 | Reached XP level 22. HP: 163/165 MP: 19/19
 37153 | Vaults:4 | Received a gift from Trog
 37221 | Vaults:4 | Reached skill level 15 in Evocations
 37737 | Depths:1 | Entered Level 1 of the Depths
 37737 | Depths:1 | Found Uhucraat's Armour Boutique.
 37977 | Depths:1 | Found a gateway to Hell.
 38179 | Depths:1 | Found Cuzuim's Jewellery Boutique.
 38303 | Depths:1 | Found Peloafec's General Store.
 38371 | Depths:1 | Found Deol's Magic Scroll Emporium.
 38465 | Depths:1 | Received a gift from Trog
 38666 | Depths:1 | Noticed a dread lich
 38672 | Depths:1 | Killed a dread lich
 38778 | Depths:2 | Found a one-way gateway to a ziggurat.
 39037 | Depths:2 | Reached skill level 16 in Stealth
 39236 | Depths:2 | Found a hazy altar of Hepliaklqana.
 39371 | Depths:2 | Found a one-way gate leading to the halls of Pandemonium.
 39564 | Depths:2 | Found a one-way gate to the infinite horrors of the Abyss.
 39653 | Depths:2 | Found Fofaewol's Jewellery Shop.
 39655 | Depths:2 | Found Mein's Book Emporium.
 39656 | Depths:2 | Found Wientoq's Jewellery Shop.
 39845 | Depths:2 | Reached XP level 23. HP: 148/174 MP: 20/20
 39877 | Depths:2 | Received a gift from Trog
 39898 | Depths:2 | Reached skill level 17 in Stealth
 40070 | Depths:2 | Noticed a golden dragon
 40076 | Depths:2 | Killed a golden dragon
 40347 | Depths:3 | Reached skill level 18 in Stealth
 40590 | Depths:3 | Found a hazy altar of Hepliaklqana.
 40701 | Depths:3 | Found a runed translucent door.
 40701 | Depths:3 | Found a runed translucent door.
 40701 | Depths:3 | Found a runed translucent door.
 40701 | Depths:3 | Noticed a golden dragon
 40741 | Depths:3 | Noticed a golden dragon
 40744 | Depths:3 | Noticed a caustic shrike
 40746 | Depths:3 | Received a gift from Trog
 40747 | Depths:3 | Reached skill level 19 in Stealth
 40749 | Depths:3 | Killed a caustic shrike
 40754 | Depths:3 | Killed a golden dragon
 40803 | Depths:3 | Identified the amulet "Biebo Bede" {Faith +Blink Will++}
 40806 | Depths:3 | Identified the ring "Ushih" {*Slow rCorr Dex+5}
 40820 | Depths:3 | Identified the amulet "Kecaesh" {RegenMP *Corrode Int+2
                  | Stlth+}
 40823 | Depths:3 | Identified the ring of Ekhiza {Drain rN+ rCorr EV+5}
 40855 | Depths:3 | Found Ningif's Weapon Emporium.
 41230 | Depths:4 | Entered Level 4 of the Depths
 41305 | Depths:4 | Reached skill level 20 in Stealth
 41335 | Depths:4 | Found a gate to the Realm of Zot.
 41335 | Depths:4 | Noticed a golden dragon
 41346 | Depths:4 | Killed a golden dragon
 41827 | Depths:3 | Voluntarily entered the Abyss.
 41848 | Abyss:1  | Found a runed translucent door.
 41848 | Abyss:1  | Found a runed translucent door.
 41908 | Abyss:3  | Received a gift from Trog
 41925 | Abyss:3  | Got an abyssal rune of Zot
 41943 | Abyss:3  | Gained mutation: You are vulnerable to cold. (rC-) [a
                  | neqoxec]
 42179 | Depths:3 | Escaped the Abyss
 42180 | Depths:3 | Lost mutation: You are vulnerable to cold. (rC-) [potion of
                  | mutation]
 42180 | Depths:3 | Lost mutation: Your magical capacity is low. (-10% MP)
                  | [potion of mutation]
 42180 | Depths:3 | Lost mutation: Your muscles are strong. (Str +4, Int/Dex
                  | -1) [potion of mutation]
 42180 | Depths:3 | Gained mutation: You are frail. (-10% HP) [potion of
                  | mutation]
 42180 | Depths:3 | Gained mutation: You are partially covered in large bone
                  | plates. (SH +4) [potion of mutation]
 42181 | Depths:3 | Lost mutation: You have supernaturally acute eyesight.
                  | (SInv) [potion of mutation]
 42181 | Depths:3 | Lost mutation: You are partially covered in large bone
                  | plates. (SH +4) [potion of mutation]
 42181 | Depths:3 | Lost mutation: You are frail. (-10% HP) [potion of
                  | mutation]
 42181 | Depths:3 | Gained mutation: One of your tentacles bears a spike.
                  | [potion of mutation]
 42181 | Depths:3 | Gained mutation: Your body sometimes deteriorates upon
                  | taking damage. [potion of mutation]
 42181 | Depths:3 | Gained mutation: Your flesh is heat resistant. (rF+)
                  | [potion of mutation]
 42297 | Zot:1    | Entered Level 1 of the Realm of Zot
 42434 | Zot:1    | Reached skill level 21 in Stealth
 42436 | Zot:1    | Reached XP level 24. HP: 72/183 MP: 23/23
 42481 | Zot:1    | Noticed a curse toe
 42508 | Zot:1    | Killed a curse toe
 42676 | Zot:1    | Noticed an orb of fire
 42702 | Zot:1    | Killed an orb of fire
 42709 | Zot:1    | Noticed a Killer Klown
 42724 | Zot:1    | Reached skill level 22 in Stealth
 42727 | Zot:1    | Killed a Killer Klown
 42743 | Zot:1    | Noticed an ancient lich
 42763 | Zot:1    | Killed an ancient lich
 42978 | Zot:1    | Received a gift from Trog
 43523 | Zot:2    | Reached skill level 23 in Stealth
 43735 | Zot:3    | Reached skill level 24 in Stealth
 44059 | Zot:4    | Noticed a curse toe
 44066 | Zot:3    | Killed a curse toe
 44067 | Zot:3    | Reached skill level 25 in Stealth
 44173 | Zot:4    | Received a gift from Trog
 44301 | Zot:5    | Entered Level 5 of the Realm of Zot
 44321 | Zot:5    | Noticed a curse toe
 44323 | Zot:5    | Reached skill level 26 in Stealth
 44340 | Zot:5    | Killed a curse toe
 44529 | Zot:5    | Reached XP level 25. HP: 189/189 MP: 23/23
 44665 | Zot:5    | Reached skill level 27 in Stealth
 44884 | Zot:5    | Received a gift from Trog
 45033 | Zot:5    | Noticed a dread lich
 45145 | Zot:5    | Noticed a Killer Klown
 45159 | Zot:5    | Killed a Killer Klown
 45276 | Zot:5    | Noticed an orb of fire
 45293 | Zot:5    | Gained mutation: Your magical capacity is low. (-10% MP)
                  | [an orb of fire]
 45301 | Zot:5    | Killed an orb of fire
 45457 | Zot:5    | Noticed an orb of fire
 45463 | Zot:5    | Noticed a Killer Klown
 45519 | Zot:5    | Killed a Killer Klown
 45537 | Zot:5    | Gained mutation: You are clumsy. (Dex -2) [an orb of fire]
 45539 | Zot:5    | Killed an orb of fire
 45563 | Zot:5    | Killed a dread lich
 45629 | Zot:5    | Noticed an orb of fire
 45636 | Zot:5    | Gained mutation: You occasionally shout uncontrollably at
                  | your foes. [an orb of fire]
 45640 | Zot:5    | Killed an orb of fire
 45646 | Zot:5    | Noticed a Killer Klown
 45652 | Zot:5    | Killed a Killer Klown
 45789 | Zot:5    | Noticed a Killer Klown
 45824 | Zot:5    | Killed a Killer Klown
 45917 | Zot:5    | Noticed a Killer Klown
 45934 | Zot:5    | Noticed a Killer Klown
 45943 | Zot:5    | Noticed a dread lich
 45945 | Zot:5    | Noticed an orb of fire
 45949 | Zot:5    | Got the Orb of Zot
 45951 | Zot:5    | Noticed a Killer Klown
 45954 | Zot:5    | Noticed a Killer Klown
 46029 | Zot:4    | Noticed Korem the pandemonium lord
 46039 | Zot:3    | Noticed Roanod the pandemonium lord
 46386 | D:11     | Noticed Caucede the pandemonium lord
 46555 | D:3      | Noticed Vaushuv the pandemonium lord
 46586 | D:1      | gg
 46587 | D:$      | Escaped with the Orb!

Illustrated notes

##### #≈≈≈♣♣♣
#♣≈≈≈≈♣♣ # ♣♣≈≈≈≈♣
##♣♣♣~≈≈♣♣♣♣♣♣♣♣♣♣
.....≈≈≈≈..♣..♣.@♣
......~≈~........♣
....♣.~≈≈........♣
......~≈≈≈..♣....♣
......≈≈≈~.......♣
......~≈≈~♣.♣...♣♣
.......≈≈≈.....♣♣
....♣♣.~≈~..♣.♣.♣♣
...♣.♣.~≈~~♣...♣>♣


Turn 46586 on D:1: gg

Levels and vault maps discovered:
D:1:      lemuel_arrival_river_ford, layout_loops_ring, serial_shops, shop,
          dreamdust_ecumenical_altar_statues
D:2:      layout_rooms, serial_undead, serial_undead_c, serial_undead_d,
          serial_undead_f, serial_undead_c, minmay_tripent
D:3:      layout_basic, evilmike_ruin_ashenzari, st_stairs_1,
          grunt_decor_fettered, supply_closet_lemuel, uniq_jessica
D:4:      layout_basic, minmay_temple_entry_statues_pillars,
          ebering_ghost_sewer_f, uniq_blork_the_orc
D:5:      minmay_polygon_palace, layout_basic, mainiacjoe_overflow_chevrons
D:6:      layout_rooms, uniq_sigmund
D:7:      layout_loops_corners, serial_shops, nicolae_diamond_shop
D:8:      layout_loops_ring, serial_shops, nicolae_lakefront_shop,
          nicolae_shop_competitors_out_of_business, minmay_shop_damaged,
          serial_bayou_crossing, uniq_pikel, uniq_maggie
D:9:      layout_roguey, nicolae_vehumet_altar_sigil,
          grunt_lair_entry_orc_guard_hut, erik_orc_1, dreamdust_gnoll_shepherd
D:10:     layout_stronghold, nicolae_gozag_seed_capital, serial_column_ruins,
          column_ruins_hut_ruined, column_ruins_grid_3,
          column_ruins_corridor_dead_end, column_ruins_grid_3
D:11:     layout_gridville
D:12:     layout_big_octagon, hangedman_abyss_or_decor_clamps,
          minmay_mirror_moons_of_madness
D:13:     layout_roguey
D:14:     layout_irregular_city, david_vaults_5, serial_rivers,
          chequers_serial_rivers_room_b, chequers_serial_rivers_room_b,
          chequers_serial_rivers_room_b, chequers_serial_rivers_room_b,
          chequers_serial_rivers_small_b, chequers_serial_rivers_marsh,
          uniq_roxanne
D:15:     hangedman_depths_entry_civil_slaughter, layout_basic
Lair:1:   layout_regular_city, uniq_erica
Lair:2:   layout_gridlike, minmay_snake_entry_guardpost_medium,
          nicolae_volcano_entry_batcave, minivault_26
Lair:3:   layout_regular_city, minmay_swamp_entry_worms,
          nicolae_quartered_pool_little, grunt_megastairs_3,
          serial_bayou_shore_b, infiniplex_staircase_pool_2, lemuel_fruit_tree
Lair:4:   layout_layer_cave
Lair:5:   gammafunk_lair_ancient_temple, layout_misc_corridors,
          dpeg_slime_entry_enclosed, grunt_megastairs_4
Swamp:1:  layout_basic_swamp, gammafunk_ghost_cemetery,
          nicolae_swamp_very_dense_foliage, swamp_pool5, uniq_mlioglotl,
          uniq_josephine
Swamp:2:  layout_falls_marsh, basic_altar, swamp_pool3
Swamp:3:  layout_basic_swamp, evilmike_swamp_ruin_house_5, swamp_pool5,
          uniq_louise
Swamp:4:  swamp_alternative, layout_basic_swamp
Snake:1:  cheibrodos_toxic_ritual, layout_chambers, drop_trap,
          grunt_ministairs_11
Snake:2:  layout_rooms, nicolae_snake_serpentine_bazaar, uniq_asterion,
          uniq_donald
Snake:3:  layout_chambers, portal_ice_cave_entry_pillars_1, serial_bayou_ford_a,
          nicolae_snake_coiling_death, minmay_shoptagon, uniq_aizul
Snake:4:  grunt_snake_rune_pools, layout_cave_town, nicolae_triple_integral
Orc:1:    layout_caves
Orc:2:    st_orc_pillars, layout_caves, bloody_makhleb
Vaults:1: v_pattern_5, ontoclasm_vaults_tryst, vaults_dpeg_spiral, v_misc_1,
          hangedman_vaults_stream, v_alt_pattern_1, vaults_dpeg_hooks,
          grunt_vaults_hallway_short, vaults_standard_mumra_enter_the_diamond,
          hangedman_vaults_capsules, nicolae_vaults_little_squares_6,
          vaults_room_hallway, grunt_vaults_hallway_short, layout_vaults_ring,
          serial_shops, nicolae_shop_behind_doors
Vaults:2: portal_desolation_entry_holy_temple, nicolae_vaults_network_periphery,
          nicolae_vaults_asterisk, hangedman_vaults_maws,
          nicolae_vaults_puzzle_piece, vaults_dpeg_cross, v_alt_pattern_2,
          vaults_room_hallway, grunt_vaults_diagonal, v_misc_13,
          hangedman_vaults_locks, vaults_room_pool,
          nicolae_vaults_little_squares_3, layout_vaults_omnibox, uniq_xtahua,
          uniq_bai_suzhen
Vaults:3: nicolae_vaults_big_ls, ontoclasm_vaults_decontamination,
          nicolae_vaults_border_crossing, hangedman_vaults_maws, v_misc_15,
          minmay_crypt_entry_nasty_monster, vaults_dpeg_doors, v_misc_22,
          v_misc_13, ontoclasm_vaults_ring_square, vaults_mumra_lcd,
          vaults_room_stairs_pillars, vaults_dpeg_emergency_exit,
          layout_vaults_omnigrid, serial_shops, freezing_bzr
Vaults:4: v_misc_2, hangedman_vaults_unwind, hangedman_vaults_trim,
          grunt_vaults_hallway_long, hangedman_vaults_corner,
          nicolae_vaults_asterisk, nicolae_vaults_network_s, dpeg_vaults_waves,
          nicolae_vaults_sealed_display, vaults_room_grid, v_misc_13,
          vaults_mumra_chevron, layout_vaults_maze, serial_shops, shop
Depths:1: layout_cave_pools, hell_entry, serial_shops, nicolae_shop_trees,
          nicolae_shop_trees, shop, shop, chequers_serial_rivers_micro_e,
          nzn_random_ring
Depths:2: nicolae_aperiodic_l_corner, layout_gridlike, enter_ziggurat_c,
          lemuel_crystal_altar, grunt_pan_entry_sceptre,
          grunt_hell_entry_dis_mu, minmay_room_of_horrors, minmay_shop_grove
Depths:3: minmay_the_grid_triangle_9x9_rhombus_thin
          [minmay_the_grid_triangle_9x9_fully_insulated_deathbox,
          minmay_the_grid_triangle_9x9_prize_special,
          minmay_the_grid_triangle_9x9_dagger,
          minmay_the_grid_triangle_9x9_descending_squares], layout_basic,
          serial_shops, kennysheep_little_box, abyss_entry, hell_entry,
          nzn_hepliaklqana_mist_gate
Depths:4: grunt_crosshair, layout_cave_pools, hell_entry
Zot:1:    hangedman_zot_vaults_quadrants, layout_concentric_octagons
Zot:2:    layout_basic
Zot:3:    layout_basic
Zot:4:    layout_onion, gammafunk_ghost_mausoleum, hangedman_zot_decor_scrapings
Zot:5:    layout_basic, bh_zot_lava_cross, hangedman_zot_diagonal_lockstep

Skill      XL: |  1  2  3  4  5  6  7  8  9 10 11 12 13 14 15 16 17 18 19 20 21 22 23 24 25 |
---------------+----------------------------------------------------------------------------+-----
Dodging        | 4 5 6 8 10 11 12 13 14 15 16 17 19 20 22 | 22.8
Fighting       | 4 5 7 8 10 11 12 14 15 16 17 18 19 20 | 20.0
Shields        | 1 4 6 8 11 15 16 17 19 20 | 20.0
Short Blades   | 5 |  5.0
Evocations     | 1 6 8 10 12 13 18 19 20 | 20.0
Long Blades    | 4 7 11 12 13 15 | 15.6
Stealth        | 15 16 21 26 27 | 27.0

Action                     |  1- 3 |  4- 6 |  7- 9 | 10-12 | 13-15 | 16-18 | 19-21 | 22-24 | 25-27 || total
---------------------------+-------+-------+-------+-------+-------+-------+-------+-------+-------++-------
  Melee: Short sword       |     3 |    82 |       |       |       |       |       |       |       ||    85
         Constrict         |     3 |    25 |    35 |    79 |   118 |    70 |   145 |   126 |    46 ||   647
         Tentacles         |     2 |    22 |    46 |   158 |   278 |   227 |   391 |   474 |   166 ||  1764
         Punch             |       |     3 |     3 |     9 |    21 |    18 |    30 |    36 |    12 ||   132
         Dagger            |       |    48 |   194 |    94 |       |       |       |       |       ||   336
         Long sword        |       |       |       |   204 |       |       |       |       |       ||   204
         Scimitar          |       |       |       |   252 |   508 |       |       |       |       ||   760
         Great sword       |       |       |       |       |   225 |       |       |       |       ||   225
         Demon blade       |       |       |       |       |   265 |   771 |  1153 |  1286 |   452 ||  3927
         Kick              |       |       |       |       |       |       |       |   254 |   255 ||   509
  Throw: Dart              |       |       |       |     1 |     3 |       |       |       |       ||     4
         Boomerang         |       |       |       |     1 |       |       |       |       |       ||     1
 Invoke: Berserk           |       |     2 |    10 |    18 |     9 |     8 |    11 |     8 |     1 ||    67
         Trog's Hand       |       |       |       |     2 |     3 |     4 |     5 |     5 |     3 ||    22
         Brothers in Arms  |       |       |       |       |       |     1 |       |     1 |       ||     2
  Evoke: Wand              |       |       |     4 |     5 |     8 |     3 |     2 |       |     2 ||    24
         Condenser vane    |       |       |       |       |     1 |       |     3 |     1 |       ||     5
         Tin of tremorston |       |       |       |       |       |       |     6 |     4 |       ||    10
         Phantom mirror    |       |       |       |       |       |       |     1 |     1 |       ||     2
         Box of beasts     |       |       |       |       |       |       |       |     1 |       ||     1
    Use: Scroll            |       |     4 |     7 |     6 |     9 |     7 |     6 |    11 |     6 ||    56
         Potion            |       |       |     6 |    12 |     3 |     2 |     3 |    14 |    12 ||    52
   Stab: Sleeping          |     1 |    27 |    12 |    20 |    18 |    14 |    42 |    45 |       ||   179
         Distracted        |       |     1 |     2 |       |     3 |     1 |     3 |     8 |     1 ||    19
         Petrified         |       |       |       |       |     5 |       |       |       |       ||     5
         Petrifying        |       |       |       |       |     1 |       |       |       |       ||     1
         Confused          |       |       |       |       |       |       |     1 |       |       ||     1
         Invisible         |       |       |       |       |       |       |       |       |     7 ||     7
 Armour: Skin              |       |     3 |     6 |    32 |     9 |     7 |    30 |    36 |     4 ||   127
  Dodge: Dodged            |       |    61 |   123 |   425 |  1026 |   797 |  1392 |  1363 |   476 ||  5663
  Block: Buckler           |       |     8 |    26 |   109 |   280 |    79 |       |       |       ||   502
         Kite shield       |       |       |       |   179 |       |   511 |  1203 |  1254 |   402 ||  3549
         Reflection        |       |       |       |       |       |    10 |       |       |       ||    10

Table legend: (Time is in decaauts)
 A = Elapsed time spent in this place.
 B = Non-inter-level travel time spent in this place.
 C = Inter-level travel time spent in this place.
 D = Time resting spent in this place.
 E = Time spent auto-exploring this place.
 F = Levels seen in this place.
 G = Mean time per level.
                   A        B        C        D        E       F      G
               +--------+--------+--------+--------+--------+-----+--------+
         Total |  46893 |  43491 |   3402 |   8207 |  21240 |  49 |  957.0 |
       Dungeon |  15822 |  14190 |   1632 |   3564 |   7301 |  15 | 1054.8 |
          Lair |   6224 |   5777 |    447 |    888 |   2998 |   5 | 1244.8 |
         Swamp |   2815 |   2598 |    217 |    436 |   1302 |   4 |  703.8 |
     Snake Pit |   4908 |   4579 |    329 |    557 |   2622 |   4 | 1227.0 |
  Orcish Mines |   1275 |   1190 |     85 |    105 |    656 |   2 |  637.5 |
        Vaults |   5186 |   4888 |    298 |    568 |   2811 |   4 | 1296.5 |
        Depths |   4143 |   3880 |    263 |    352 |   2150 |   4 | 1035.8 |
           Zot |   3707 |   3580 |    127 |    993 |    869 |   5 |  741.4 |
         Abyss |    329 |    329 |      0 |     58 |     23 |   3 |  109.7 |
      Ice Cave |   1229 |   1229 |      0 |    432 |    212 |   1 | 1229.0 |
       Volcano |    284 |    284 |      0 |     73 |      0 |   1 |  284.0 |
    Desolation |    967 |    967 |      0 |    175 |    295 |   1 |  967.0 |
               +--------+--------+--------+--------+--------+-----+--------+

Top non-repeatable levels by time:
     D:9: 1996 daAuts
     D:8: 1672 daAuts
   Zot:5: 1653 daAuts
  Lair:5: 1596 daAuts
 Snake:3: 1524 daAuts
     D:5: 1495 daAuts
Vaults:3: 1485 daAuts
  Lair:1: 1445 daAuts
Depths:2: 1356 daAuts
     D:7: 1345 daAuts
Vaults:2: 1321 daAuts
 Snake:1: 1314 daAuts
 Snake:4: 1281 daAuts
Vaults:1: 1246 daAuts
   IceCv: 1229 daAuts
